 Dungeon Crawl Stone Soup version 0.24-a0-292-g5c6fb1c (webtiles) character file.

Game seed: 5436702246356627705

1800 nikopol the Thaumaturge (level 8, -11/43 HPs)
             Began as a Deep Elf Fire Elementalist on May 10, 2019.
             Was a Follower of Vehumet.
             Splashed by an oklob plant's acid (19 damage)
             ... on level 6 of the Dungeon.
             The game lasted 00:15:50 (6412 turns).

nikopol the Thaumaturge (DEFE)                      Turns: 6412, Time: 00:15:51

Health: -11/43     AC: -4    Str:  5    XL:     8   Next: 83%
Magic:  14/32      EV: 14    Int: 27    God:    Vehumet [*.....]
Gold:   70         SH:  0    Dex: 15    Spells: 10/25 levels left

rFire    . . .     SeeInvis .   D - +2 dagger (venom)
rCold    . . .     Gourm    .   (no shield)
rNeg     . . .     Faith    .   a - +0 robe
rPois    .         Spirit   .   B - +0 helmet
rElec    .         Reflect  .   t - +0 cloak
rCorr    .         Harm     .   (no gloves)
MR       .....                  (no boots)
Stlth    +++.......             q - amulet of regeneration
HPRegen  0.54/turn              C - ring of magical power
MPRegen  0.23/turn              x - +4 ring of intelligence

@: corroded
A: no striking features
a: Renounce Religion


You were on level 6 of the Dungeon.
You worshipped Vehumet.
Vehumet was aware of your devotion.
You were not hungry.

You visited 2 branches of the dungeon, and saw 7 of its levels.

You collected 235 gold pieces.
You spent 165 gold pieces at shops.

Inventory:

Hand Weapons
 D - a +2 dagger of venom (weapon)
Armour
 a - a +0 robe (worn)
 t - a +0 cloak (worn)
 B - a +0 helmet (worn)
Jewellery
 i - an uncursed ring of resist corrosion
 q - an amulet of regeneration (around neck)
 x - a +4 ring of intelligence (right hand)
 C - a ring of magical power (left hand)
Wands
 r - a wand of digging (5)
 s - a wand of polymorph (10)
Scrolls
 f - 4 scrolls of remove curse
 g - 2 scrolls of fear {unknown}
 h - 5 scrolls of enchant weapon {unknown}
 l - 3 scrolls of blinking
 m - 2 scrolls of enchant armour {unknown}
 u - 6 scrolls of teleportation
 y - 2 scrolls of amnesia {unknown}
 z - 3 scrolls of magic mapping {unknown}
 A - a scroll of fog {unknown}
Potions
 b - 2 potions of might
 d - a potion of brilliance {unknown}
 e - 2 potions of curing
 j - 3 potions of flight
 k - a potion of lignification {unknown}
 n - a potion of cancellation {unknown}
 p - a potion of resistance {unknown}
 v - 2 potions of mutation
 w - a potion of magic {unknown}
Comestibles
 c - 7 rations


   Skills:
 + Level 1.1 Fighting
   Level 1.1 Long Blades
 + Level 3.9 Dodging
 + Level 4.0 Stealth
 + Level 9.0 Spellcasting
 + Level 6.7 Conjurations
 + Level 7.0 Fire Magic


You had 10 spell levels left.
You knew the following spells:

 Your Spells              Type           Power        Failure   Level  Hunger
a - Flame Tongue          Conj/Fire      #####        1%          1    None
b - Throw Flame           Conj/Fire      #####.       1%          2    None
c - Conjure Flame         Conj/Fire      #####...     1%          3    None
d - Sticky Flame          Conj/Fire      #####...     2%          4    #......
e - Fireball              Conj/Fire      #####.....   8%          5    ####...

Your spell library contained the following spells:

 Spells                   Type           Power        Failure   Level  Hunger
 Freeze                   Ice            ##..         4%          1    None
 Inner Flame              Hex/Fire       ####....     3%          3    None


Dungeon Overview and Level Annotations

Branches:
Dungeon (6/15)             Temple (1/1) D:4

Altars:
Ashenzari
Cheibriados
Dithmenos
Elyvilon
Fedhas
Gozag
Hepliaklqana
Kikubaaqudgha
Makhleb
Nemelex Xobeh
Okawaru
Sif Muna
Trog
Uskayaw
Vehumet
Xom

Shops:
D:5 ?

Annotations:
D:6 exclusion: oklob plant


Message History

The fireball engulfs the fungus!
The fungus is severely damaged.
The fireball engulfs the ooze!
You kill the ooze!
Vehumet accepts your kill.
The fireball engulfs the fungus!!
You destroy the fungus!
The fireball engulfs the fungus!!
The fungus is severely damaged.
The fireball engulfs the jelly!!
You kill the jelly!
Vehumet accepts your kill.
Your Spellcasting skill increases to level 9!
The fireball engulfs the fungus.
The fungus is moderately damaged.
The oklob plant spits acid at you. The splash of acid hits you!!
* * * LOW HITPOINT WARNING * * *
The acid corrodes you!
You are splashed with acid!!
You die...

#...# #
#...# #
#...# #
#...# ###
#...# #..
#...######
#..
#........#
#..
########.#
####.. #@#
#.....
#ยง#
##.....
...
#......
#.?.#
#......
.P...
#......
#P.PP.#
#####..
#J..P?#
#..
##PPP##
#.. ###


You could see an oklob plant and an ooze.

Vanquished Creatures
  Pikel (D:4)
  A water moccasin (D:5)
  3 ogres
  A centaur (D:5)
  A bullfrog zombie (D:5)
  3 jellies (D:6)
  A hound (D:4)
  6 orc wizards
  2 orc priests
  Crazy Yiuf (D:3)
  An iguana (D:4)
  5 worker ants
  4 gnolls (D:5)
  17 adders
  11 oozes (D:6)
  3 adder skeletons
  3 dart slugs
  A leopard gecko (D:5)
  19 orcs
  3 ball pythons
  8 bats
  5 giant cockroaches
  7 goblins
  12 hobgoblins
  11 jackals
  10 frilled lizards
  A jackal skeleton (D:5)
  4 kobolds
  A leopard gecko skeleton (D:4)
  5 rats
  A fungus (D:6)
152 creatures vanquished.

Vanquished Creatures (others)
  An adder skeleton (D:4)
1 creature vanquished.

Grand Total: 153 creatures vanquished

Notes
Turn   | Place    | Note
-------+----------+-------------------------------------------
     0 | D:1      | nikopol the Deep Elf Fire Elementalist began the quest for
                  | the Orb.
     0 | D:1      | Reached XP level 1. HP: 10/10 MP: 6/6
   235 | D:1      | Reached XP level 2. HP: 15/15 MP: 4/8
   821 | D:2      | Found an iron altar of Okawaru.
   938 | D:2      | Reached XP level 3. HP: 19/19 MP: 0/9
  1037 | D:2      | You fall through a shaft for 2 floors!
  1572 | D:2      | Learned a level 2 spell: Throw Flame
  1576 | D:2      | Learned a level 3 spell: Conjure Flame
  1632 | D:2      | Reached XP level 4. HP: 22/24 MP: 3/11
  1640 | D:2      | Learned a level 4 spell: Sticky Flame
  2413 | D:3      | Reached skill level 4 in Spellcasting
  2522 | D:3      | Reached XP level 5. HP: 20/28 MP: 6/13
  2769 | D:3      | Found a runed translucent door.
  2770 | D:3      | Noticed Crazy Yiuf
  2778 | D:3      | Killed Crazy Yiuf
  3612 | D:4      | Reached XP level 6. HP: 33/33 MP: 6/15
  3615 | D:4      | Reached skill level 5 in Spellcasting
  3624 | D:3      | Learned a level 5 spell: Fireball
  3852 | D:4      | Found a staircase to the Ecumenical Temple.
  3888 | Temple   | Entered the Ecumenical Temple
  3939 | Temple   | Became a worshipper of Vehumet
  4015 | D:4      | Noticed Pikel
  4016 | D:4      | Noticed a slave
  4016 | D:4      | Noticed a slave
  4017 | D:4      | Noticed a slave
  4018 | D:4      | Noticed a slave
  4031 | D:4      | Killed Pikel
  4031 | D:4      | Reached skill level 6 in Spellcasting
  4031 | D:4      | Reached skill level 5 in Conjurations
  4031 | D:4      | Reached skill level 5 in Fire Magic
  4031 | D:4      | Reached XP level 7. HP: 37/37 MP: 7/19
  4165 | D:4      | Reached skill level 7 in Spellcasting
  4346 | D:4      | Reached skill level 1 in Long Blades
  4562 | D:4      | Reached XP level 8. HP: 42/42 MP: 14/21
  4847 | D:4      | Found a burning altar of Makhleb.
  5185 | D:5      | Entered Level 5 of the Dungeon
  5196 | D:5      | Reached skill level 1 in Fighting
  5423 | D:5      | Reached * piety under Vehumet
  5423 | D:5      | Offered knowledge of Freeze by Vehumet.
  5538 | D:5      | Found a deep blue altar of Sif Muna.
  5540 | D:5      | Found a snail-covered altar of Cheibriados.
  5540 | D:5      | Found a blossoming altar of Fedhas.
  5542 | D:5      | Found a shimmering altar of Xom.
  5542 | D:5      | Found a blossoming altar of Fedhas.
  5542 | D:5      | Found a shattered altar of Ashenzari.
  5591 | D:5      | Reached skill level 8 in Spellcasting
  5647 | D:5      | Found Qut Lofa's Magic Scroll Shoppe.
  5658 | D:5      | Bought 2 scrolls of teleportation for 60 gold pieces
  5658 | D:5      | Bought a scroll of teleportation for 30 gold pieces
  5658 | D:5      | Bought a scroll of blinking for 75 gold pieces
  5989 | D:5      | Found a white marble altar of Elyvilon.
  6400 | D:6      | Noticed an oklob plant
  6412 | D:6      | Reached skill level 9 in Spellcasting
  6412 | D:6      | Splashed by an oklob plant's acid

Levels and vault maps discovered:
D:1:      dpeg_arrival_snail, layout_basic
D:2:      layout_loops_corners, lemuel_doored_altar, first_ration,
          chequers_serial_rivers_micro_d, minmay_split_cup_small
D:3:      layout_loops_corners, minmay_snake_closets, uniq_crazy_yiuf_cottage
D:4:      layout_basic, demons_altar, temple_green, uniq_pikel
D:5:      layout_gridville, serial_shops, shop, basic_altar, doesnt_xom_only_xom
D:6:      lemuel_slime, layout_basic
Temple:   regret_index_temple_chain_breaker

Skill      XL: |  1  2  3  4  5  6  7  8 |
---------------+-------------------------+-----
Fire Magic     | 4 5 7 |  7.0
Dodging        | 3 |  3.9
Conjurations   | 2 3 5 6 |  6.7
Spellcasting   | 4 6 7 9 |  9.0
Stealth        | 3 4 |  4.0
Long Blades    | 1 |  1.1
Fighting       | 1 |  1.1

Action                   |  1- 3 |  4- 6 |  7- 9 || total
-------------------------+-------+-------+-------++-------
Melee: Dagger            |       |       |     1 ||     1
 Cast: Flame Tongue      |    81 |    88 |    96 ||   265
       Throw Flame       |       |     9 |     9 ||    18
       Sticky Flame      |       |     4 |    11 ||    15
       Fireball          |       |       |     3 ||     3
       Conjure Flame     |       |       |     1 ||     1
  Use: Scroll            |       |       |     5 ||     5
  Eat: Chunk             |     1 |     8 |     9 ||    18
Armor: Robe              |     9 |     7 |     8 ||    24
Dodge: Dodged            |    24 |    20 |    14 ||    58
       Rpst.: Long sword |       |     5 |     2 ||     7

Table legend:
 A = Non-vault XP
 B = Vault XP
 C = Vault XP percentage of total XP
 D = Non-vault monster count
 E = Vault monster count
 F = Vault count percentage of total count
                 A         B        C        D         E       F
            +---------+---------+-------+---------+---------+-------
      Total |    1582 |     990 |  38.5 |     121 |      30 |  19.9
            +---------+---------+-------+---------+---------+-------
        D:1 |      23 |       0 |   0.0 |      15 |       0 |   0.0
        D:2 |      60 |       8 |  11.8 |      20 |       3 |  13.0
        D:3 |      73 |     163 |  69.1 |      28 |      12 |  30.0
        D:4 |     686 |     617 |  47.4 |      27 |       1 |   3.6
        D:5 |     726 |       0 |   0.0 |      30 |       0 |   0.0
        D:6 |      14 |     202 |  93.5 |       1 |      14 |  93.3
            +---------+---------+-------+---------+---------+-------
